cohdb
Replays
Latest Replays
All Replays
Popular Replays
Top Player Replays
Match Explorer
How It Works
Community
CoH3 Stats
Reddit
Sign in to upload your games and track your stats! →
Sign in with Steam
Match 38777723
Unlisted
Match 38777723
Overview
Messages
Build Orders
End
Kettenkrad Recon Vehicle
Construct Infanterie Kompanie
MG 42 Machine Gun Team
MG 42 Machine Gun Team
Grenadier Squad
Construct Panzergrenadier Kompanie
Panzergrenadier Squad
Medical Station
Pak 40 Anti-tank Gun Team
GrW 34 Mortar Team
Panzergrenadier Squad
Construct Panzer Kompanie
Stoßtruppen Squad
Enriquexs(CHI)
BIOHAZARD
0
0
Comments
sign in to comment!
No comments posted yet!